 Dungeon Crawl Stone Soup version 0.32-a0-685-g93135e86f0 (webtiles) character file.

Game seed: 1407586063951032419

70 gimp the Changeling (level 4, -2/66 HPs)
             Began as an Oni Shapeshifter on Mar 13, 2024.
             Incinerated by a bombardier beetle (4 damage)
             ... with a burning spray
             ... on level 2 of the Dungeon.
             The game lasted 00:01:57 (1439 turns).

gimp the Changeling (Oni Shapeshifter)              Turns: 1439, Time: 00:01:58

Health: -2/66      AC: 22    Str: 18    XL:     4   Next: 21%
Magic:  4/4        EV:  1    Int: 11    God:
Gold:   40         SH:  0    Dex: 10    Spells: 3/3 levels left

rFire   . .          .
                       - Unarmed
rCold   . . .        (no shield)
rNeg    . . .        a - melded +0 animal skin
rPois   +            (helmet currently unavailable)
rElec   .            (cloak currently unavailable)
rCorr   .            (gloves unavailable)
SInv    .            (boots unavailable)
Will    .....        (no amulet)
Stlth   +            (no ring)
HPRegen 0.31/turn    (no ring)
MPRegen 0.09/turn

%: no passive effects
@: on fire, tree-form, glowing
A: stationary, stasis, torment immunity, boosted hp, large, unfitting armour,
(horns 1), (tough skin 1), double potion healing, drunken brawling
a: no special abilities


You were on level 2 of the Dungeon.
You were a tree.
You visited 1 branch of the dungeon, and saw 2 of its levels.

You collected 40 gold pieces.

Inventory:

Armour
 a - a +0 animal skin (melded)
Talismans
 c - a beast talisman (active)
 d - a flux talisman
Scrolls
 f - a scroll of fear {unknown}
 g - a scroll of noise {unknown}
 h - a scroll of teleportation {unknown}
Potions
 e - a potion of might {unknown}


   Skills:
 + Level 2.8 Fighting
 + Level 2.4 Dodging
 + Level 3.2 Unarmed Combat
 + Level 3.5 Shapeshifting


You had 3 spell levels left.
You didn't know any spells.
Your spell library was empty.

Dungeon Overview and Level Annotations

Branches:
Dungeon (2/15)

Altars:
Ru


Innate Abilities, Weirdness & Mutations

You are a tree.
Your roots penetrate the ground, keeping you stationary.
You cannot be teleported.
You are immune to unholy pain and torment.
Your maximum health is greatly increased.
Your equipment is partially melded.
You are too large for most types of armour.
((You have a pair of small horns on your head.))
((You have tough skin. (AC +1)))
You gain doubled healing and magic from potions.
Whenever you drink a healing potion, you attack all around you.


Message History

There is a web here.
You struggle to detach yourself from the web.
The bombardier beetle bites you.
You take 3 damage, and have 37/44 hp.
The web tears apart.
You hit the bombardier beetle.
The bombardier beetle is lightly wounded.
The ribbon worm bites you! The bombardier beetle bites you.
You take 8 damage, and have 30/44 hp.
You hit the bombardier beetle. You headbutt the bombardier beetle.
The bombardier beetle is moderately wounded.
The ribbon worm expels a string of sticky webbing.
The stream of webbing hits you but does no damage.
You are caught in a web!
You struggle to detach yourself from the web.
The bombardier beetle bites you but does no damage.
The ribbon worm bites you.
You take 2 damage, and have 28/44 hp.
The web tears apart.
The bombardier beetle sprays incendiary fluid at you.
The burning spray hits you.
You are covered in liquid fire!
You shake off some of the fire as you move.
The liquid fire burns you!
You take 2 damage, and have 27/44 hp.
You shake off some of the fire as you move.
The liquid fire burns you!
The ribbon worm attacks as it pursues you!
The ribbon worm bites you.
Things that are here:
a +0 hand axe; a +0 leather armour; an orc corpse You take 6 damage, and have 21/44 hp.
You shake off the liquid fire.
The ribbon worm attacks as it pursues you!
The ribbon worm closely misses you. The ribbon worm bites you.
You take 2 damage, and have 20/44 hp.
You hit the ribbon worm but do no damage.
The ribbon worm bites you!
You take 6 damage, and have 14/44 hp.
You completely miss the ribbon worm. The ribbon worm barely misses you.
You hit the ribbon worm. You headbutt the ribbon worm.
The ribbon worm is moderately wounded.
You hit the ribbon worm.
The ribbon worm is heavily wounded.
The ribbon worm expels a string of sticky webbing.
The stream of webbing hits you but does no damage.
You are caught in a web!
You struggle to detach yourself from the web.
The ribbon worm bites you!
* * * LOW HITPOINT WARNING * * *
You take 6 damage, and have 8/44 hp.
You struggle to detach yourself from the web.
The ribbon worm bites you.
* * * LOW HITPOINT WARNING * * *
You take 2 damage, and have 6/44 hp.
The web tears apart.
The ribbon worm bites you.
* * * LOW HITPOINT WARNING * * *
You take 2 damage, and have 4/44 hp.
Your transformation has ended.
You turn into a tree.
Your +0 animal skin melds into your body.
Your roots penetrate the ground.
You now have 7/66 hp.
You barely miss the ribbon worm.
The ribbon worm is lightly wounded.
The ribbon worm bites you but does no damage.
You hit the ribbon worm.
The ribbon worm is moderately wounded.
The ribbon worm bites you.
* * * LOW HITPOINT WARNING * * *
You take 2 damage, and have 5/66 hp.
You hit the ribbon worm.
The ribbon worm is moderately wounded.
The ribbon worm bites you but does no damage.
You hit the ribbon worm but do no damage.
The ribbon worm is moderately wounded.
You barely miss the ribbon worm.
The ribbon worm is moderately wounded.
The ribbon worm bites you but does no damage.
You pummel the ribbon worm!!
You kill the ribbon worm!
You cannot move.
You cannot move.
You barely miss the bombardier beetle.
The bombardier beetle is moderately wounded.
You hit the bombardier beetle but do no damage.
The bombardier beetle is moderately wounded.
The bombardier beetle sprays incendiary fluid at you.
The burning spray hits you.
You are covered in liquid fire!
You smack the bombardier beetle!
The bombardier beetle is severely wounded.
The liquid fire burns you!
* * * LOW HITPOINT WARNING * * *
You take 6 damage, and have 2/66 hp.
You hit the bombardier beetle.
The bombardier beetle is severely wounded.
The liquid fire burns you!
You die...

..... ...$...
....... #### .......
#...##
)......######<....##
...................#
.........##....)...#
......$..)B♣.......#
........####........
........####>.......
.......##..†.>.....#
#.....###.##.......#
###### #..###.....##
#.## #...## #.# ####
##### #.#


You could see a bombardier beetle.

Vanquished Creatures
  3 adders (D:2)
  2 ribbon worms (D:2)
  An orc (D:2)
  2 endoplasms (D:1)
  A giant cockroach (D:1)
  3 goblins
  3 hobgoblins
  3 kobolds (D:1)
  2 quokkas (D:1)
  6 ball pythons
  4 bats
  3 frilled lizards (D:1)
  3 rats (D:1)
36 creatures vanquished.

Notes
Turn   | Place    | Note
-------+----------+-------------------------------------------
     0 | D:1      | gimp the Oni Shapeshifter began the quest for the Orb.
     0 | D:1      | Reached XP level 1. HP: 19/19 MP: 1/1
   200 | D:1      | Reached XP level 2. HP: 15/28 MP: 2/2
   272 | D:1      | Found a faded altar of an unknown god.
   793 | D:1      | Reached XP level 3. HP: 35/35 MP: 3/3
  1066 | D:2      | Found a sacrificial altar of Ru.
  1310 | D:2      | Reached XP level 4. HP: 21/44 MP: 4/4
  1438 | D:2      | HP: 2/66 [burnt (6)]
  1439 | D:2      | Incinerated by a bombardier beetle

Illustrated notes

Levels and vault maps discovered:
D:1:      dpeg_arrival_rooms_b, layout_basic,
          hellmonk_ecumenical_altar_leap_of_faith
D:2:      minmay_angry_zag, layout_rooms, serial_curves, eino_curves_01,
          eino_curves_03, eino_curves_04, basic_altar, lightli_corner_chamber,
          uniq_natasha

Skill      XL: |  1  2 |
---------------+-------+-----
Dodging        | 2 |  2.4
Fighting       | 2 |  2.8
Unarmed Combat | 3 |  3.2
Shapeshifting  | |  3.5

Action                     |  1- 3 |  4- 6 || total
---------------------------+-------+-------++-------
  Melee: Unarmed           |    97 |    21 ||   118
         Headbutt          |    16 |     2 ||    18
         Punch             |     3 |       ||     3
    Use: Potion            |       |     1 ||     1
   Stab: Sleeping          |     1 |       ||     1
 Armour: Animal skin       |    56 |    13 ||    69
         Skin              |       |     4 ||     4
  Dodge: Dodged            |    49 |     3 ||    52

Table legend: (Time is in decaauts)
 A = Elapsed time spent in this place.
 B = Non-inter-level travel time spent in this place.
 C = Inter-level travel time spent in this place.
 D = Time resting spent in this place.
 E = Time spent auto-exploring this place.
 F = Levels seen in this place.
 G = Mean time per level.
                   A        B        C        D        E       F      G
               +--------+--------+--------+--------+--------+-----+--------+
         Total |   1433 |   1380 |     53 |      0 |   1154 |   2 |  716.5 |
       Dungeon |   1433 |   1380 |     53 |      0 |   1154 |   2 |  716.5 |
               +--------+--------+--------+--------+--------+-----+--------+

Top non-repeatable levels by time:
     D:1: 1063 daAuts
     D:2: 369 daAuts
